 Dungeon Crawl Stone Soup version 0.31-a0-986-g5e6e4ef867 (webtiles) character file.

Game seed: 11951290696538095125

356 wildpjah the Slasher (level 6, -12/57 HPs)
             Began as a Tengu Berserker on Nov 20, 2023.
             Was a Priest of Trog.
             Mangled by a gnoll
             ... wielding a +0 halberd
              (17 damage)
             ... on level 4 of the Dungeon.
             The game lasted 00:03:56 (3152 turns).

wildpjah the Slasher (Tengu Berserker)              Turns: 3152, Time: 00:03:57

Health: -12/57     AC:  2    Str: 18    XL:     6   Next: 63%
Magic:  7/7        EV: 13    Int:  7    God:    Trog [***...]
Gold:   250        SH:  0    Dex: 15    Spells: 5/5 levels left

rFire   . . .        a - +0 falchion
rCold   . . .        (no shield)
rNeg    . . .        b - +0 animal skin
rPois   .            (helmet restricted)
rElec   .            (no cloak)
rCorr   .            (no gloves)
SInv    .            (boots unavailable)
Will    .....        (no amulet) Stlth
                     (no ring)
HPRegen 0.29/turn    (no ring)
MPRegen 0.10/turn

%: acrobat
@: berserking, very quick
A: beak, talons 3, acrobatic
a: Renounce Religion, Berserk, Trog's Hand


You were on level 4 of the Dungeon.
You worshipped Trog.
Trog was most pleased with you.
You visited 1 branch of the dungeon, and saw 4 of its levels.

You collected 250 gold pieces.

Inventory:

Hand Weapons
 a - a +0 falchion (weapon)
Missiles
 g - a throwing net
Armour
 b - a +0 animal skin (worn)
Wands
 o - a wand of light (10)
Scrolls
 d - a scroll of identify
 e - 2 scrolls of noise
 f - 2 scrolls of teleportation
Potions
 c - a potion of lignification {unknown}
 h - 2 potions of curing {unknown}
 i - 2 potions of enlightenment {unknown}
 j - 2 potions of haste {unknown}
 k - a potion of mutation {unknown}
 l - a potion of brilliance {unknown}
 m - a potion of attraction {unknown}
 n - a potion of magic {unknown}


   Skills:
 + Level 4.1 Fighting
 + Level 5.9 Long Blades
 + Level 2.4 Armour
 + Level 4.0 Dodging
 + Level 2.0 Stealth


You had 5 spell levels left.
You didn't know any spells.
Your spell library was empty.

Dungeon Overview and Level Annotations

Branches:
Dungeon (4/15)
 Temple: D:4-7

Altars:
Trog


Innate Abilities, Weirdness & Mutations

You have a beak for a mouth.
You have claws for feet.
You can magically evade attacks while moving or waiting.


Message History

You hit the gnoll but do no damage. You peck the gnoll.
The gnoll is lightly wounded.
The gnoll closely misses you.
You barely miss the gnoll. The gnoll hits you with a +0 whip.
The gnoll completely misses you. The gnoll misses you.
You hit the gnoll.
The gnoll is moderately wounded.
The gnoll misses you. The gnoll closely misses you. The gnoll misses you.
You closely miss the gnoll. You claw the gnoll. You peck the gnoll.
You kill the gnoll!
Trog accepts your kill.
The gnoll hits you from afar with a +0 halberd!
The gnoll misses you.
You slash the gnoll! You claw the gnoll, but do no damage.
The gnoll is severely wounded.
The gnoll misses you. The gnoll barely misses you.
You hit the gnoll.
The gnoll is severely wounded.
The gnoll hits you from afar with a +0 halberd!
The gnoll hits you with a +0 whip!
* * * LOW HITPOINT WARNING * * *
You are too injured to fight recklessly!
You are too injured to fight recklessly!
You are too injured to fight recklessly!
A red film seems to cover your vision as you go berserk!
You feel yourself moving faster!
You feel mighty! The gnoll closely misses you. The gnoll completely misses you.
You hit the gnoll.
You kill the gnoll!
Trog accepts your kill.
The gnoll hits you from afar with a +0 halberd.
* * * LOW HITPOINT WARNING * * *
Your Dodging skill increases to level 4!
Your Stealth skill increases to level 2!
Found a buckler.
Items here: )) ††.
You slash the gnoll! Your kick misses the gnoll.
The gnoll is almost dead.
The gnoll hits you with a +0 halberd!
You die...

........###
..........### #.
...........[ ..#
........... .#
.......... .##
.#.......# ...
#.....g..# ...
#.......@)####### #.
###........##.......#
.... ...#. #.#######
... ..#. ##.#
###.###.. ....##..#
#.......:.........#
).).......##......##
###.###........##..#
.###.........#..## .#


You could see a gnoll.

Vanquished Creatures
  An iguana (D:4)
  Natasha (thrice) (D:2)
  12 gnolls (D:4)
  4 adders
  2 worms
  4 dart slugs
  9 orcs
  5 endoplasms
  7 giant cockroaches
  5 goblins
  8 hobgoblins
  4 jackals (D:1)
  A kobold (D:1)
  3 quokkas
  6 ball pythons
  6 bats
  4 frilled lizards
  4 rats
88 creatures vanquished.

Notes
Turn   | Place    | Note
-------+----------+-------------------------------------------
     0 | D:1      | wildpjah the Tengu Berserker began the quest for the Orb.
     0 | D:1      | Reached XP level 1. HP: 14/14 MP: 2/2
    62 | D:1      | Reached XP level 2. HP: 15/19 MP: 3/3
   100 | D:1      | Found a faded altar of an unknown god.
   184 | D:1      | Reached skill level 4 in Long Blades
   203 | D:1      | Reached XP level 3. HP: 11/23 MP: 4/4
   564 | D:2      | Noticed Natasha
   569 | D:2      | HP: 1/23 [Natasha/magic dart (9)]
   573 | D:1      | Reached ** piety under Trog
   670 | D:2      | Killed Natasha
   671 | D:2      | Reached XP level 4. HP: 28/28 MP: 5/5
   678 | D:2      | Noticed Natasha
   688 | D:2      | Killed Natasha
   999 | D:2      | Reached XP level 5. HP: 30/32 MP: 6/6
  1154 | D:2      | You fall into a shaft and drop 1 floor!
  1332 | D:3      | Found a bloodstained altar of Trog.
  1405 | D:3      | Reached skill level 5 in Long Blades
  2219 | D:2      | Reached skill level 1 in Stealth
  2412 | D:2      | Noticed Natasha
  2425 | D:2      | Killed Natasha
  2619 | D:4      | Reached XP level 6. HP: 4/38 MP: 7/7
  3142 | D:4      | Reached *** piety under Trog
  3152 | D:4      | Mangled by a gnoll

Illustrated notes

Levels and vault maps discovered:
D:1:      heliophobic_arrival_enchanted_forest, layout_rooms,
          shapermc_ecumenical_altar_mp_ritualfount
D:2:      kennysheep_big_flooded_room, layout_loops_ring, uniq_natasha
D:3:      layout_basic, trog_three_pillars_becter, dk_noncrumbling_2
D:4:      layout_layer_cave, serial_shops, nicolae_lakefront_shop,
          portal_sewer_entry_d

Skill      XL: |  1  2  3  4  5  6 |
---------------+-------------------+-----
Long Blades    | 4 5 |  5.9
Dodging        | 3 4 |  4.0
Stealth        | 1 2 |  2.0
Fighting       | 4 |  4.1
Armour         | |  2.4

Action                     |  1- 3 |  4- 6 || total
---------------------------+-------+-------++-------
  Melee: Falchion          |    80 |   139 ||   219
         Kick              |    18 |    37 ||    55
         Peck              |     5 |    22 ||    27
         Punch             |       |     3 ||     3
 Invoke: Berserk           |     1 |     3 ||     4
    Use: Scroll            |       |     3 ||     3
   Stab: Sleeping          |     1 |     2 ||     3
 Armour: Animal skin       |    47 |    60 ||   107
  Dodge: Dodged            |    77 |   107 ||   184

Table legend: (Time is in decaauts)
 A = Elapsed time spent in this place.
 B = Non-inter-level travel time spent in this place.
 C = Inter-level travel time spent in this place.
 D = Time resting spent in this place.
 E = Time spent auto-exploring this place.
 F = Levels seen in this place.
 G = Mean time per level.
                   A        B        C        D        E       F      G
               +--------+--------+--------+--------+--------+-----+--------+
         Total |   3193 |   3126 |     67 |    212 |   2359 |   4 |  798.2 |
       Dungeon |   3193 |   3126 |     67 |    212 |   2359 |   4 |  798.2 |
               +--------+--------+--------+--------+--------+-----+--------+

Top non-repeatable levels by time:
     D:3: 1031 daAuts
     D:2: 874 daAuts
     D:1: 658 daAuts
     D:4: 628 daAuts
